 Dungeon Crawl Stone Soup version 0.23-a0-389-g4a5eb33 (webtiles) character file.

184 Dawnplanks the Cudgeler (level 5, 0/33 HPs)
             Began as a Gargoyle Fighter on Oct 29, 2018.
             Was an Initiate of the Shining One.
             Slain by Grinder (2 damage)
             ... on level 3 of the Dungeon.
             The game lasted 00:07:23 (2444 turns).

Dawnplanks the Cudgeler (Gargoyle Fighter)          Turns: 2444, Time: 00:07:25

Health: 0/33       AC: 12    Str: 20    XL:     5   Next: 64%
Magic:  5/5        EV:  7    Int:  9    God:    the Shining One [......]
Gold:   68         SH:  9    Dex:  9    Spells: 4/4 levels left

rFire    . . .     SeeInvis .   a - +0 flail
rCold    + . .     Gourm    .   c - +0 shield
rNeg     + . .     Faith    .   b - +0 scale mail
rPois    ∞         Spirit   .   (no helmet)
rElec    +         Reflect  .   (no cloak)
rCorr    .         Harm     .   (no gloves)
MR       .....                  o - +0 pair of boots
Stlth    ..........             (no amulet)
HPRegen  0.11/turn              h - ring of protection from cold
MPRegen  0.09/turn              q - ring of wizardry

@: glowing
A: negative energy resistance 1, electricity resistance, unbreathing,
petrification resistance, rot immunity, AC +4
a: Renounce Religion


You were on level 3 of the Dungeon.
You worshipped the Shining One.
The Shining One was noncommittal.
You were hungry.

You visited 1 branch of the dungeon, and saw 3 of its levels.

You collected 68 gold pieces.

Inventory:

Hand Weapons
 a - a +0 flail (weapon)
Armour
 b - a +0 scale mail (worn)
 c - a +0 shield (worn)
 o - a +0 pair of boots (worn)
Jewellery
 h - a ring of protection from cold (left hand)
 q - a ring of wizardry (right hand)
Wands
 l - a wand of polymorph (11)
 u - a wand of digging (2)
Scrolls
 e - 5 scrolls of identify {unknown}
 g - 2 scrolls of teleportation {unknown}
 i - a scroll of random uselessness {unknown}
 m - a scroll of immolation {unknown}
 p - a scroll of remove curse {unknown}
 t - a scroll of fog {unknown}
Potions
 d - a potion of might
 j - a potion of degeneration {unknown}
 n - 2 potions of curing {unknown}
 r - 3 potions of heal wounds {unknown}
 s - a potion of agility {unknown}
Comestibles
 f - 4 rations
 k - 2 chunks of flesh


   Skills:
 + Level 3.9 Fighting
 * Level 4.3 Maces & Flails
 + Level 4.0 Armour
 + Level 0.5 Dodging
 + Level 3.9 Shields


You had 4 spell levels left.
You didn't know any spells.
Your spell library contained the following spells:

 Spells                   Type           Power        Failure   Level  Hunger
 Magic Dart               Conj           #...         86%         1    ##.....
 Blink                    Tloc           N/A          94%         2    ###....
 Call Imp                 Summ           #.......     94%         2    ###....
 Slow                     Hex            #.......     94%         2    ###....
 Conjure Flame            Conj/Fire      #.......     99%         3    ####...
 Mephitic Cloud           Conj/Pois/Air  #.......     99%         3    ####...


Dungeon Overview and Level Annotations

Branches:
Dungeon (3/15)

Altars:
Cheibriados
Kikubaaqudgha
Okawaru
Sif Muna
Yredelemnul
The Shining One

Annotations:
D:3 Grinder


Innate Abilities, Weirdness & Mutations

You are resistant to torment.
Your stone body is resilient. (AC +4)
You are immune to poison.
You resist negative energy. (rN+)
You are resistant to electric shocks. (rElec)
You can survive without breathing.
You are immune to petrification.
You are immune to rotting.


Message History

You are feeling hungry.
Grinder blinks!
Grinder gestures at you. You resist with significant effort.
Grinder gestures at you.
You shrug off the repeated paralysis!
Grinder hits you.
* * * LOW HITPOINT WARNING * * *
You writhe in agony.
* * * LOW HITPOINT WARNING * * *
You can move again.
You sock Grinder!
Grinder is almost dead.
Grinder hits you but does no damage.
You hit Grinder but do no damage.
Grinder is almost dead.
Grinder completely misses you. Grinder hits you but does no damage.
Grinder hits you.
* * * LOW HITPOINT WARNING * * *
You writhe in agony.
You die...

#.#.......##.(.....####### #.
#....####.....#...##≈≈≈≈≈###.
##.#.## #........<#≈≈≈≈≈≈≈##.
#....# #......##.#≈≈...≈≈##.
###### ###.......#≈≈._...'..
##.#######≈≈...≈≈### ###...#
#≈≈≈≈≈≈≈# #....5# ##≈≈≈≈≈##
#.#.#@# ####### ..$#.#.# ...
..... #.. .#####. #..!. .. ##
.# .# .


You could see Grinder.

Vanquished Creatures
  An orc priest (D:3)
  Ijyb (D:3)
  Terence (D:2)
  2 adders
  A gnoll (D:1)
  4 worms
  A dart slug (D:2)
  2 orcs (D:3)
  2 giant cockroaches
  5 goblins
  13 hobgoblins
  5 jackals
  6 kobolds
  4 bats
  5 frilled lizards
  9 rats
62 creatures vanquished.

Notes
Turn   | Place    | Note
-------+----------+-------------------------------------------
     0 | D:1      | Dawnplanks the Gargoyle Fighter began the quest for the
                  | Orb.
     0 | D:1      | Reached XP level 1. HP: 14/14 MP: 1/1
   205 | D:1      | Reached XP level 2. HP: 19/19 MP: 2/2
   432 | D:1      | Reached XP level 3. HP: 5/23 MP: 3/3
   932 | D:2      | Noticed Terence
   936 | D:2      | Killed Terence
   936 | D:2      | Reached XP level 4. HP: 25/29 MP: 4/4
  1140 | D:2      | Found a glowing golden altar of the Shining One.
  1143 | D:2      | Became a worshipper of the Shining One
  1187 | D:2      | Found a basalt altar of Yredelemnul.
  1441 | D:2      | Found a snail-covered altar of Cheibriados.
  1563 | D:2      | Found an ancient bone altar of Kikubaaqudgha.
  1918 | D:3      | Reached XP level 5. HP: 33/33 MP: 5/5
  1936 | D:3      | Noticed Ijyb
  1985 | D:3      | Killed Ijyb
  2017 | D:3      | Found an iron altar of Okawaru.
  2348 | D:3      | Found a deep blue altar of Sif Muna.
  2419 | D:3      | Noticed Grinder
  2432 | D:3      | Paralysed by Grinder for 2 turns
  2436 | D:3      | Paralysed by Grinder for 7 turns
  2444 | D:3      | Slain by Grinder

Vault maps used:
D:1:      minmay_arrival_diagonal_passages
D:2:      kennysheep_slug_shrine, tso_oasis_becter,
          nicolae_overflow_hidden_temple, overflow_temple_1_default,
          uniq_terence
D:3:      lemuel_round_altar, lemuel_doored_altar, led_sif_pool, uniq_ijyb,
          uniq_grinder

Skill      XL: |  1  2  3  4  5 |
---------------+----------------+-----
Maces & Flails | 3 4 |  4.3
Armour         | 4 |  4.0
Fighting       | |  3.9
Dodging        | |  0.5
Shields        | |  3.9

Action                   |  1- 3 |  4- 6 || total
-------------------------+-------+-------++-------
Melee: Flail             |    70 |   204 ||   274
  Eat: Chunk             |       |     5 ||     5
Armor: Scale mail        |    36 |    97 ||   133
Dodge: Dodged            |    15 |    47 ||    62
Block: Shield            |    36 |   102 ||   138

Table legend:
 A = Non-vault XP
 B = Vault XP
 C = Vault XP percentage of total XP
 D = Non-vault monster count
 E = Vault monster count
 F = Vault count percentage of total count
                 A         B        C        D         E       F
            +---------+---------+-------+---------+---------+-------
      Total |     188 |      76 |  28.8 |      59 |       3 |   4.8
            +---------+---------+-------+---------+---------+-------
        D:1 |      36 |       0 |   0.0 |      14 |       0 |   0.0
        D:2 |      66 |      40 |  37.7 |      27 |       2 |   6.9
        D:3 |      86 |      36 |  29.5 |      18 |       1 |   5.3
            +---------+---------+-------+---------+---------+-------
